 Dungeon Crawl Stone Soup version 0.23.2-40-g277498a001 (webtiles) character file.

Game seed: 4254661769979522172

155 H0rd4k the Charlatan (level 5, -1/38 HPs)
             Began as a Human Artificer on Oct 15, 2019.
             Slain by an orc wizard
             ... wielding a +0 dagger
              (3 damage)
             ... on level 4 of the Dungeon.
             The game lasted 00:04:31 (2541 turns).

H0rd4k the Charlatan (Human Artificer)              Turns: 2541, Time: 00:04:32

Health: -1/38      AC:  5    Str: 11 (14) XL:     5   Next: 63%
Magic:  7/7        EV: 12    Int: 10 (11) God:
Gold:   116        SH:  0    Dex: 10 (13) Spells: 4/4 levels left

rFire    . . .     SeeInvis .   c - +2 dagger (pain)
rCold    . . .     Gourm    .   (no shield)
rNeg     . . .     Faith    .   b - +0 leather armour
rPois    .         Spirit   .   s - +0 helmet
rElec    .         Reflect  .   (no cloak)
rCorr    .         Harm     .   (no gloves)
MR       .....                  (no boots)
Stlth    +.........             (no amulet)
HPRegen  0.12/turn              (no ring)
MPRegen  0.10/turn              (no ring)

@: confused, berserk cooldown, slowed, very slow
A: talons 1, rugged brown scales 1, blurry vision 1
a: no special abilities


You were on level 4 of the Dungeon.
You were very hungry.

You visited 1 branch of the dungeon, and saw 4 of its levels.

You collected 116 gold pieces.

Inventory:

Hand Weapons
 a - a +0 short sword
 c - a +2 dagger of pain (weapon)
Missiles
 r - 6 javelins (quivered)
Armour
 b - a +0 leather armour (worn)
 s - a +0 helmet (worn)
Wands
 d - a wand of enslavement (15)
 e - a wand of random effects (13)
Scrolls
 g - 4 scrolls of teleportation
 i - a scroll of remove curse
 m - a scroll of magic mapping {unknown}
 q - a scroll of identify {unknown}
Potions
 h - a potion of flight
Comestibles
 f - 4 rations


   Skills:
 + Level 1.4 Fighting
 + Level 2.7 Short Blades
 + Level 0.3 Throwing
 + Level 1.3 Armour
 + Level 3.0 Dodging
 + Level 2.2 Stealth
 + Level 3.5 Evocations


You had 4 spell levels left.
You didn't know any spells.
Your spell library contained the following spells:

 Spells                   Type           Power        Failure   Level  Hunger
 Magic Dart               Conj           #...         45%         1    ##.....
 Blink                    Tloc           N/A          58%         2    ###....
 Call Imp                 Summ           #.......     58%         2    ###....
 Slow                     Hex            #.......     58%         2    ###....
 Conjure Flame            Conj/Fire      #.......     83%         3    ####...
 Mephitic Cloud           Conj/Pois/Air  #.......     83%         3    ####...


Dungeon Overview and Level Annotations

Branches:
Dungeon (4/15)
 Temple: D:4-7

Altars:
Okawaru


Innate Abilities, Weirdness & Mutations

You have sharp toenails.
You are partially covered in rugged brown scales. (AC +1, +3% HP)
Scrolls take you a little longer to read.


Message History

You feel your anger nearly subside.
You are no longer berserk.
You pass out from exhaustion.
You feel yourself slow down. Something hits you but does no damage.
You hear some strange, mumbled words.
You are more confused.
Something hits you but does no damage. x2
You hear some strange, mumbled words.
Something tries to affect you, but you resist.
You can move again.
Evoke which item? (* to show all) (? for menu, Esc to quit)
That's the wrong kind of item! (Use * to select it.) Evoke which item? (* to show all) (? for menu, Esc to quit)
That's the wrong kind of item! (Use * to select it.) Evoke which item? (* to show all) (? for menu, Esc to quit)
That's the wrong kind of item! (Use * to select it.) Evoke which item? (* to show all) (? for menu, Esc to quit)
Okay, then.
Unknown command.
You completely miss something. Your kick misses something. Something hits you.
You die...

...#... ## ###.... ...#...
.# ....... ....... .#
...... ...#..######.###
##..... .>..$...........
.....# ...#$.#......#
#....#
...##.#.....######....####
............))..@.........
...#..#....[#######.######
#.##..#.....# ..# #o
#..#####.########.# .
#..#........<..# .# #
#..#.###.####### ..
#..#.###.# .. ...#.....#
.. #######


There were no monsters in sight!

Vanquished Creatures
  An orc wizard (D:4)
  A worker ant zombie (D:3)
  4 gnolls
  2 adders (D:2)
  A worm (D:2)
  3 leopard geckos (D:2)
  3 orcs (D:4)
  2 giant cockroaches (D:2)
  5 goblins
  4 hobgoblins
  9 kobolds
  9 bats
  A frilled lizard (D:2)
  8 rats
53 creatures vanquished.

Vanquished Creatures (others)
  3 toadstools (D:4)
3 creatures vanquished.

Grand Total: 56 creatures vanquished

Notes
Turn   | Place    | Note
-------+----------+-------------------------------------------
     0 | D:1      | H0rd4k the Human Artificer began the quest for the Orb.
     0 | D:1      | Reached XP level 1. HP: 15/15 MP: 3/3
   113 | D:1      | Reached XP level 2. HP: 16/21 MP: 4/4
   863 | D:2      | Reached XP level 3. HP: 24/26 MP: 5/5
  1087 | D:2      | Reached XP level 4. HP: 20/32 MP: 6/6
  1399 | D:2      | Found a faded altar of an unknown god.
  1802 | D:2      | Reached skill level 1 in Armour
  1950 | D:3      | Reached XP level 5. HP: 16/37 MP: 7/7
  2149 | D:3      | Found an iron altar of Okawaru.
  2531 | D:4      | HP: 1/37 [something/magic dart (8)]
  2532 | D:4      | Gained mutation: Scrolls take you a little longer to read.
                  | [potion of mutation]
  2532 | D:4      | Gained mutation: You are partially covered in rugged brown
                  | scales. (AC +1, +3% HP) [potion of mutation]
  2532 | D:4      | Gained mutation: You have sharp toenails. [potion of
                  | mutation]
  2541 | D:4      | Slain by an orc wizard

Skill      XL: |  1  2  3  4  5 |
---------------+----------------+-----
Stealth        | 2 |  2.2
Short Blades   | 2 |  2.7
Armour         | 1 |  1.3
Dodging        | 3 |  3.0
Fighting       | |  1.4
Throwing       | |  0.3
Evocations     | |  3.5

Action                   |  1- 3 |  4- 6 || total
-------------------------+-------+-------++-------
Melee: Short sword       |   101 |   132 ||   233
       Dagger            |       |    17 ||    17
Throw: Javelin           |       |     6 ||     6
Evoke: Wand              |     2 |    15 ||    17
  Use: Potion            |       |     7 ||     7
       Scroll            |       |     2 ||     2
 Stab: Sleeping          |     3 |       ||     3
  Eat: Chunk             |     1 |     3 ||     4
Armor: Leather armour    |    53 |    30 ||    83
Dodge: Dodged            |    96 |    78 ||   174
